 Dungeon Crawl Stone Soup version 0.30-a0-920-g7493c07aab (webtiles) character file.

Game seed: 16273805714669792079

3012 DeathPants the Carver (level 9, -3/73 HPs)
             Began as a Vine Stalker Gladiator on Mar 21, 2023.
             Was an Initiate of Gozag.
             Slain by a death yak (13 damage)
             ... on level 7 of the Dungeon.
             The game lasted 00:21:12 (6014 turns).

DeathPants the Carver (Vine Stalker Gladiator)      Turns: 6014, Time: 00:21:13

Health: -3/73      AC: 10    Str: 17    XL:     9   Next: 84%
Magic:  0/28       EV: 12    Int: 10    God:    Gozag
Gold:   402        SH:  0    Dex: 18    Spells: 8/8 levels left

rFire   . . .      SeeInvis .    a - +0 long sword (flame)
rCold   . . .      Faith    .    (no shield)
rNeg    . . .      Spirit   +    J - +0 acid dragon scales
rPois   .          Reflect  .    c - +1 helmet
rElec   .          Rampage  .    h - +0 cloak
rCorr   +                        t - +0 pair of gloves
Will    +....                    (no boots) Stlth
                                 (no amulet)
HPRegen 1.12/turn                g - ring of magical power
MPRegen 0.21/turn                q - ring of magical power

@: berserking, very quick
A: fangs 3, regeneration 1, magic shield, antimagic bite, no potion heal 2
a: Renounce Religion, Potion Petition, Call Merchant, Bribe Branch


You were on level 7 of the Dungeon.
You worshipped Gozag.
Gozag was aware of your devotion.
You visited 2 branches of the dungeon, and saw 9 of its levels.
You also visited: Ossuary.

You collected 589 gold pieces.
You paid 187 gold pieces to Gozag.

Inventory:

Hand Weapons
 a - a +0 long sword of flaming (weapon)
 b - a +0 dagger of venom
 o - a +0 rapier
Missiles
 s - 3 boomerangs (quivered)
Armour
 c - a +1 helmet (worn)
 h - a +0 cloak (worn)
 t - a +0 pair of gloves (worn)
 B - a +3 leather armour
 J - +0 acid dragon scales (worn)
Jewellery
 g - a ring of magical power (left hand)
 q - a ring of magical power (right hand)
 y - a ring of protection from cold
 H - a ring of willpower
Wands
 r - a wand of polymorph (3)
 x - a wand of mindburst (15)
 F - a wand of charming (11)
 I - a wand of flame (13)
Scrolls
 i - a scroll of blinking
 l - a scroll of vulnerability
 n - 5 scrolls of teleportation
 p - a scroll of amnesia
 D - 2 scrolls of brand weapon
 E - a scroll of identify
Potions
 f - a potion of lignification
 j - a potion of resistance
 k - 2 potions of berserk rage
 m - 5 potions of curing
 u - 2 potions of haste
 v - 3 potions of flight
 w - 2 potions of degeneration {unknown}
 z - a potion of cancellation {unknown}
 A - 3 potions of mutation {unknown}
 C - 4 potions of magic {unknown}
 G - a potion of invisibility


   Skills:
 + Level 6.3 Fighting
 * Level 9.2 Long Blades
 - Level 1.7 Throwing
 - Level 2.4 Dodging
 + Level 8.6 Stealth


You had 8 spell levels left.
You didn't know any spells.
Your spell library contained the following spells:

 Spells                   Type           Power      Damage    Failure   Level
 Freeze                   Ice            0%         1d3       45%         1
 Lesser Beckoning         Tloc           0%         N/A       61%         2
 Frozen Ramparts          Ice            0%         1d1       83%         3
 Gell's Gravitas          Tloc           0%         N/A       83%         3
 Hailstorm                Conj/Ice       0%         3d3       83%         3
 Ignite Poison            Fire/Tmut/Pois 0%         N/A       83%         3
 Ozocubu's Armour         Ice            0%         N/A       83%         3
 Teleport Other           Tloc           0%         N/A       83%         3
 Sticky Flame             Conj/Fire      0%         2d3       99%         4
 Summon Ice Beast         Ice/Summ       0%         N/A       99%         4
 Blade Hands              Tmut           0%         N/A       100%        5
 Ozocubu's Refrigeration  Ice            0%         4d7       100%        7
 Storm Form               Tmut/Air       0%         N/A       100%        7
 Ignition                 Fire           0%         3d3       100%        8


Dungeon Overview and Level Annotations

Branches:
Dungeon (8/15)             Temple (1/1) D:6            Lair (0/5) D:8
Ossuary (visited)

Altars:
Ashenzari
Cheibriados
Dithmenos
Elyvilon
Gozag
Hepliaklqana
Kikubaaqudgha
Makhleb
Nemelex Xobeh
Okawaru
Qazlal
Ru
Sif Muna
Trog
Uskayaw
Vehumet
Wu Jian
Xom
Yredelemnul
Zin
The Shining One


Innate Abilities, Weirdness & Mutations

You have razor-sharp teeth.
Your natural rate of healing is unusually fast.
When hurt, damage is shared between your health and your magic reserves.
Your bite disrupts and absorbs the magic of your enemies.
Potions cannot restore your health.


Message History

Aim: a death yak (81% to hit)
You throw a javelin.
The javelin pierces through the death yak!
The death yak is lightly wounded.
The death yak snorts and paws the ground.
The death yak gores you.
The death yak gores you but does no damage.
You barely miss the death yak.
The death yak is lightly wounded.
You hit the death yak. You burn the death yak.
You bite the death yak, but do no damage.
The death yak is lightly wounded.
The death yak gores you.
You barely miss the death yak.
The death yak is lightly wounded.
The death yak closely misses you.
You hit the death yak. You burn the death yak. You bite the death yak.
You drain its power.
You feel invigorated.
The death yak is moderately wounded.
The death yak gores you!!
You hit the death yak. You burn the death yak.
You bite the death yak, but do no damage.
The death yak is moderately wounded.
The death yak closely misses you.
You hit the death yak but do no damage.
You bite the death yak, but do no damage.
The death yak is moderately wounded.
The death yak gores you!
You barely miss the death yak.
The death yak is moderately wounded.
The death yak gores you!!
* * * LOW HITPOINT WARNING * * *
You hit the death yak. You burn the death yak.
The death yak is moderately wounded.
The death yak gores you.
* * * LOW HITPOINT WARNING * * *
A red film seems to cover your vision as you go berserk!
You feel yourself moving faster!
You feel mighty! The death yak gores you!
You die...
Your body crumbles into a pile of gold.

.#.........###.#.#...###........#
........######..................#
...........).........#.(.#.##....
......########.#.##..............
$...........(#.#.##...####.##.#.#
).......... .....##........# #.#
##........####.#.....#####.# .
#....###......Y.....# #... .....#
#####..#@###.# .....# ##......
............... .......
##...#######..##.##.### #.......
...# #.. .##.# ##$..#.. ...# #..
.#### ...... #.. .# #o. .. ..


You could see a death yak.

Vanquished Creatures
  A death yak (D:7)
  Maggie (D:6)
  Eustachio (D:5)
  Menkaure (D:6)
  2 ice beasts (D:5)
  An orc warrior (D:6)
  A sky beast (D:6)
  An ogre (D:4)
  A phantom (D:6)
  A bullfrog (D:6)
  A gnoll sergeant (D:7)
  A scorpion (D:6)
  5 wights
  A howler monkey (D:6)
  A gnoll bouda (D:6)
  4 hounds
  3 orc priests
  Terence (D:2)
  3 orc wizards
  6 iguanas
  A hound zombie (D:3)
  8 mummies (Ossuary)
  11 adders
  9 gnolls
  An adder zombie (D:3)
  A worm (D:2)
  16 orcs
  2 bats
  5 endoplasms
  5 giant cockroaches
  4 goblins (D:3)
  6 hobgoblins
  2 jackals (D:5)
  7 kobolds
  5 quokkas
  9 ball pythons
  6 frilled lizards
  A goblin zombie (D:5)
  2 hobgoblin zombies (Ossuary)
  5 kobold zombies (Ossuary)
  An orc zombie (Ossuary)
  A quokka zombie (D:5)
  4 rats
149 creatures vanquished.

Notes
Turn   | Place    | Note
-------+----------+-------------------------------------------
     0 | D:1      | DeathPants the Vine Stalker Gladiator began the quest for
                  | the Orb.
     0 | D:1      | Reached XP level 1. HP: 11/11 MP: 2/2
   261 | D:1      | Reached XP level 2. HP: 15/15 MP: 3/3
   289 | D:1      | Reached skill level 3 in Long Blades
   310 | D:2      | Reached skill level 1 in Stealth
   926 | D:2      | Reached XP level 3. HP: 18/18 MP: 4/4
  1148 | D:2      | Noticed Terence
  1401 | D:2      | Killed Terence
  1402 | D:2      | Gained mutation: Your natural rate of healing is unusually
                  | fast. [Vine Stalker growth]
  1402 | D:2      | Reached XP level 4. HP: 19/23 MP: 5/5
  1881 | D:3      | Reached skill level 4 in Long Blades
  1881 | D:3      | Reached XP level 5. HP: 25/27 MP: 6/6
  2242 | D:4      | Noticed an ogre
  2250 | D:4      | Killed an ogre
  2251 | D:4      | Reached XP level 6. HP: 19/32 MP: 7/7
  2334 | D:3      | Found a basalt altar of Yredelemnul.
  2756 | D:5      | Entered Level 5 of the Dungeon
  2820 | D:5      | Noticed an ice beast
  2827 | D:5      | Killed an ice beast
  2828 | D:5      | Reached skill level 5 in Long Blades
  2852 | D:5      | Found a large runed translucent door.
  2868 | D:5      | Reached XP level 7. HP: 36/36 MP: 8/8
  2869 | D:5      | Found a large runed translucent door.
  3250 | D:5      | Got the Guidebook on the Crevasse and Shaping
  3258 | D:5      | Found a sand-covered staircase.
  3266 | Ossuary  | Entered an ossuary
  3357 | Ossuary  | Reached skill level 5 in Stealth
  3575 | D:4      | Reached skill level 6 in Long Blades
  3781 | D:4      | Gained mutation: You have razor-sharp teeth. [Vine Stalker
                  | growth]
  3781 | D:4      | Reached XP level 8. HP: 39/42 MP: 9/9
  4129 | D:5      | Found a bloodstained altar of Trog.
  4208 | D:5      | Noticed Eustachio
  4229 | D:5      | Killed Eustachio
  4407 | D:5      | Found an iron altar of Okawaru.
  4422 | D:5      | Found a shadowy altar of Dithmenos.
  4614 | D:7      | Reached skill level 7 in Long Blades
  4793 | D:6      | Reached skill level 5 in Fighting
  5133 | D:6      | Noticed Maggie
  5150 | D:6      | Killed Maggie
  5151 | D:6      | Reached skill level 8 in Long Blades
  5151 | D:6      | Reached XP level 9. HP: 32/47 MP: 10/10
  5305 | D:6      | Found a staircase to the Ecumenical Temple.
  5326 | Temple   | Entered the Ecumenical Temple
  5390 | Temple   | Became a worshipper of Gozag Ym Sagoz the Greedy
  5404 | D:6      | Noticed Menkaure
  5420 | D:6      | Killed Menkaure
  5910 | D:8      | Noticed a death yak
  5910 | D:8      | Noticed a death yak
  5910 | D:8      | Noticed a death yak
  5910 | D:8      | Found a staircase to the Lair.
  5914 | D:8      | Noticed a death yak
  5914 | D:8      | Noticed a death yak
  5931 | D:7      | Killed a death yak
  5932 | D:7      | Reached skill level 9 in Long Blades
  6002 | D:8      | Noticed a death yak
  6003 | D:8      | Noticed a death yak
  6014 | D:7      | Slain by a death yak

Illustrated notes

Levels and vault maps discovered:
D:1:      dpeg_arrival_short_road, layout_basic
D:2:      layout_rooms, uniq_terence
D:3:      layout_rooms, lemuel_zombie_altar_yredelemnul, saegor_snake_ambush
D:4:      layout_basic
D:5:      layout_cave_pods, jmf_multi_god_temple2, trog_book, enter_ossuary_4,
          uniq_eustachio
D:6:      layout_gridville, temple_pool_b, uniq_menkaure, uniq_maggie
D:7:      layout_basic, serial_shops,
          nicolae_shop_temple_entry_statues_fountains, grunt_ministairs_9,
          uniq_joseph
D:8:      layout_rooms, dpeg_lair_monsters
Temple:   nicolae_temple_two_arcs

Skill      XL: |  1  2  3  4  5  6  7  8  9 |
---------------+----------------------------+-----
Fighting       | 2 3 4 5 6 |  6.3
Long Blades    | 3 4 5 6 8 9 |  9.2
Stealth        | 1 2 3 4 5 7 8 |  8.6
Throwing       | |  1.7
Dodging        | |  2.4

Action                     |  1- 3 |  4- 6 |  7- 9 || total
---------------------------+-------+-------+-------++-------
  Melee: Long sword        |    77 |   155 |   295 ||   527
         Bite              |    13 |    45 |    95 ||   153
         Punch             |     1 |     1 |     4 ||     6
         Unarmed           |     1 |       |       ||     1
  Throw: Throwing net      |     1 |     2 |     5 ||     8
         Javelin           |       |       |     1 ||     1
  Evoke: Wand              |       |       |     3 ||     3
    Use: Scroll            |       |     5 |    12 ||    17
         Potion            |       |       |     2 ||     2
   Stab: Sleeping          |     2 |     1 |     7 ||    10
         Distracted        |     1 |       |       ||     1
         Held in net/web   |       |     1 |     3 ||     4
 Armour: Leather armour    |    46 |    69 |    69 ||   184
         Acid dragon scale |       |       |    11 ||    11
  Dodge: Dodged            |    73 |   145 |   191 ||   409

Table legend: (Time is in decaauts)
 A = Elapsed time spent in this place.
 B = Non-inter-level travel time spent in this place.
 C = Inter-level travel time spent in this place.
 D = Time resting spent in this place.
 E = Time spent auto-exploring this place.
 F = Levels seen in this place.
 G = Mean time per level.
                   A        B        C        D        E       F      G
               +--------+--------+--------+--------+--------+-----+--------+
         Total |   6078 |   5909 |    169 |    387 |   3533 |  10 |  607.8 |
       Dungeon |   5726 |   5565 |    161 |    387 |   3345 |   8 |  715.8 |
        Temple |     73 |     65 |      8 |      0 |     49 |   1 |   73.0 |
       Ossuary |    278 |    278 |      0 |      0 |    139 |   1 |  278.0 |
               +--------+--------+--------+--------+--------+-----+--------+

Top non-repeatable levels by time:
     D:6: 1078 daAuts
     D:5: 1032 daAuts
     D:1: 1028 daAuts
     D:3: 861 daAuts
     D:4: 739 daAuts
     D:2: 642 daAuts
     D:7: 336 daAuts
 Ossuary: 278 daAuts
  Temple: 73 daAuts
     D:8: 7 daAuts
